 Dungeon Crawl Stone Soup version 0.30-a0-778-g2ef04afb54 (webtiles) character file.

Game seed: 9825628686394857677

205 Smoke131 the Chucker (level 5, 0/53 HPs)
             Began as an Ogre Gladiator on Feb 15, 2023.
             Slain by an orc
             ... wielding a +0 mace
              (7 damage)
             ... on level 3 of the Dungeon.
             The game lasted 00:04:12 (2165 turns).

Smoke131 the Chucker (Ogre Gladiator)               Turns: 2165, Time: 00:04:13

Health: 0/53       AC:  3    Str: 18    XL:     5   Next: 83%
Magic:  5/5        EV: 10    Int:  9    God:
Gold:   211        SH:  0    Dex: 12    Spells: 4/4 levels left

rFire   . . .      SeeInvis .    a - +0 war axe
rCold   . . .      Faith    .    (no shield)
rNeg    . . .      Spirit   .    b - +0 robe
rPois   .          Reflect  .    c - +0 hat
rElec   .          Harm     .    (no cloak)
rCorr   .          Rampage  .    (gloves unavailable)
Will    .....                    (boots unavailable)
Stlth   +                        (no amulet)
HPRegen 0.28/turn                (no ring)
MPRegen 0.09/turn                (no ring)

@: confused
A: large, unfitting armour, tough skin 1
a: no special abilities


You were on level 3 of the Dungeon.
You visited 1 branch of the dungeon, and saw 3 of its levels.

You collected 211 gold pieces.

Inventory:

Hand Weapons
 a - a +0 war axe (weapon)
Missiles
 d - 3 throwing nets
 e - 2 large rocks (quivered)
 f - 30 stones
 m - 20 poisoned darts
Armour
 b - a +0 robe (worn)
 c - a +0 hat (worn)
Scrolls
 g - a scroll of identify {unknown}
 h - a scroll of butterflies {unknown}
 l - a scroll of noise {unknown}
 n - a scroll of enchant weapon {unknown}
 o - 2 scrolls of teleportation {unknown}
Potions
 i - a potion of invisibility {unknown}
 j - 2 potions of curing {unknown}
 k - a potion of degeneration {unknown}
 p - a potion of flight {unknown}


   Skills:
 - Level 3.0 Fighting
 - Level 3.0 Axes
 + Level 5.6 Throwing
 - Level 3.0 Dodging


You had 4 spell levels left.
You didn't know any spells.
Your spell library contained the following spells:

 Spells                   Type           Power      Damage    Failure   Level
 Ensorcelled Hibernation  Hex/Ice        0%         N/A       52%         2
 Lesser Beckoning         Tloc           0%         N/A       52%         2
 Gell's Gravitas          Tloc           0%         N/A       77%         3
 Ignite Poison            Fire/Tmut/Pois 0%         N/A       77%         3
 Kindle Blastsparks       Fire/Tloc/Air  0%         2d10      77%         3
 Spider Form              Tmut/Pois      0%         N/A       77%         3
 Teleport Other           Tloc           0%         N/A       77%         3
 Anguish                  Hex/Necr       0%         N/A       99%         4
 Freezing Cloud           Conj/Ice/Air   0%         6-21      100%        5


Dungeon Overview and Level Annotations

Branches:
Dungeon (3/15)

Altars:


Innate Abilities, Weirdness & Mutations

You are too large for most types of armour.
You have tough skin. (AC +1)


Message History

The orc hits you with a +0 club.
You barely miss the orc.
The orc is moderately wounded.
The orc hits you with a +0 club. The orc barely misses you.
You hit the orc.
You kill the orc!
You hit the orc but do no damage. You barely miss something.
Something hits you.
You barely miss something. Something hits you.
You closely miss something. Something hits you.
You completely miss something. Something hits you. x2
You miss something.
You hear some strange, mumbled words.
You are confused.
You completely miss something. Something hits you.
You bump into the rock wall.
Something hits you.
You bump into the rock wall.
Something hits you.
You miss something. Something hits you. x2
You completely miss something.
You feel less confused. Something hits you.
You closely miss something. Something hits you but does no damage.
You closely miss something.
An orc wizard appears from thin air!
Reactivating autopickup.
The orc wizard hits you with a +0 dagger.
* * * LOW HITPOINT WARNING * * *
The orc wizard casts a spell at you.
You are confused.
You bump into the rock wall.
The orc wizard points at you and mumbles some strange words.
The magic dart hits you.
* * * LOW HITPOINT WARNING * * *
You closely miss the orc wizard.
The orc wizard is almost dead.
The orc wizard hits you with a +0 dagger.
* * * LOW HITPOINT WARNING * * *
You slash the orc wizard!
You kill the orc wizard!
You bump into the rock wall.
The orc hits you with a +0 mace!
You die...

##### ###..
#...###.((...
#...@oo.#
#...###..!#
##.## ###
#######.#
........# #
#.#####.# .#
#.##....# #.#
#.##.##.#
##.#####.##.##.#


You could see 2 orcs.

Vanquished Creatures
  A black bear (D:3)
  An orc wizard (D:3)
  2 adders (D:2)
  A dart slug (D:1)
  An orc (D:3)
  9 ball pythons
  5 bats
  6 endoplasms
  A giant cockroach (D:3)
  5 goblins
  3 hobgoblins
  8 jackals
  5 kobolds
  3 quokkas
  4 frilled lizards
  7 rats
62 creatures vanquished.

Notes
Turn   | Place    | Note
-------+----------+-------------------------------------------
     0 | D:1      | Smoke131 the Ogre Gladiator began the quest for the Orb.
     0 | D:1      | Reached XP level 1. HP: 22/22 MP: 1/1
   232 | D:1      | Reached XP level 2. HP: 29/31 MP: 2/2
   356 | D:1      | Reached XP level 3. HP: 37/37 MP: 3/3
   378 | D:1      | Reached skill level 3 in Throwing
  1183 | D:2      | Reached XP level 4. HP: 30/45 MP: 4/4
  1413 | D:2      | Reached skill level 4 in Throwing
  1697 | D:3      | Noticed a black bear
  1709 | D:3      | Killed a black bear
  1710 | D:3      | Reached skill level 5 in Throwing
  1710 | D:3      | Reached XP level 5. HP: 11/53 MP: 5/5
  2165 | D:3      | Slain by an orc

Illustrated notes

Levels and vault maps discovered:
D:1:      dpeg_arrival_connections, layout_loops_corners
D:2:      layout_basic
D:3:      layout_loops_cross, kennysheep_slug_shrine, amcnicky_altar_gilded,
          corexii_corridor_pit, grunt_decor_mini_mirrors, minmay_vboxes,
          uniq_jessica

Skill      XL: |  1  2  3  4 |
---------------+-------------+-----
Fighting       | 3 |  3.0
Dodging        | 3 |  3.0
Throwing       | 3 5 |  5.6
Axes           | |  3.0

Action                     |  1- 3 |  4- 6 || total
---------------------------+-------+-------++-------
  Melee: War axe           |   111 |    66 ||   177
  Throw: Large rock        |       |     4 ||     4
   Stab: Sleeping          |     1 |       ||     1
 Armour: Robe              |    38 |    17 ||    55
  Dodge: Dodged            |    74 |    31 ||   105

Table legend: (Time is in decaauts)
 A = Elapsed time spent in this place.
 B = Non-inter-level travel time spent in this place.
 C = Inter-level travel time spent in this place.
 D = Time resting spent in this place.
 E = Time spent auto-exploring this place.
 F = Levels seen in this place.
 G = Mean time per level.
                   A        B        C        D        E       F      G
               +--------+--------+--------+--------+--------+-----+--------+
         Total |   2228 |   2220 |      8 |    243 |   1333 |   3 |  742.7 |
       Dungeon |   2228 |   2220 |      8 |    243 |   1333 |   3 |  742.7 |
               +--------+--------+--------+--------+--------+-----+--------+

Top non-repeatable levels by time:
     D:1: 1023 daAuts
     D:2: 673 daAuts
     D:3: 531 daAuts
